 Dungeon Crawl Stone Soup version 0.19-b1-5-gdc9fa9d (webtiles) character file.

529 varam the Cudgeler (level 7, 0/61 HPs)
             Began as a Gargoyle Fighter on Oct 31, 2016.
             Was a Follower of Trog.
             Slain by an orc warrior
             ... wielding a +0 war axe
              (15 damage)
             ... on level 5 of the Dungeon.
             The game lasted 00:07:02 (3946 turns).

varam the Cudgeler (Gargoyle Fighter)               Turns: 3946, Time: 00:07:03

Health: 0/61       AC: 12    Str: 24    XL:     7   Next: 23%
Magic:  7/7        EV:  7    Int:  9    God:    Trog [*.....]
Gold:   268        SH:  9    Dex: 11    Spells: 0 memorised, 6 levels left

rFire  + . .     SeeInvis .     a - +0 flail
rCold  . . .     Gourm    .     b - +0 scale mail
rNeg   + . .     Faith    .     c - +0 shield
rPois  ∞         Spirit   .     (no helmet)
rElec  +         Reflect  .     v - +0 cloak
rCorr  .         Harm     .     (no gloves)
MR     .....                    (no boots)
Stlth  ..........               (no amulet)
                                (no ring)
                                k - ring of protection from fire

@: berserking, very quick
A: negative energy resistance 1, electricity resistance, unbreathing,
petrification resistance, rot immunity, AC +4
a: Berserk, Burn Spellbooks, Renounce Religion


You were on level 5 of the Dungeon.
You worshipped Trog.
Trog was aware of your devotion.
You were very hungry.

You visited 1 branch of the dungeon, and saw 5 of its levels.

You collected 268 gold pieces.

Inventory:

Hand Weapons
 a - a +0 flail (weapon)
 y - a +2 spear of venom
Armour
 b - a +0 scale mail (worn)
 c - a +0 shield (worn)
 v - a +0 cloak (worn)
Jewellery
 k - a ring of protection from fire (left hand)
 m - an uncursed ring of flight {unknown}
 u - a +1 ring of protection {unknown}
 A - an uncursed ring of positive energy {unknown}
Wands
 w - a wand of acid (8/15)
Scrolls
 e - 3 scrolls of identify {unknown}
 i - 3 scrolls of magic mapping {unknown}
 l - 5 scrolls of remove curse {unknown}
 n - 2 scrolls of teleportation {unknown}
 p - 2 scrolls of fear {unknown}
 t - a scroll of enchant armour {unknown}
 z - a scroll of amnesia {unknown}
 B - a scroll of enchant weapon {unknown}
Potions
 d - a potion of might
 g - a potion of lignification {unknown}
 j - a potion of mutation {unknown}
 q - 2 potions of heal wounds {unknown}
 r - a potion of curing {unknown}
Comestibles
 f - 2 bread rations
 h - 3 fruits
 o - a slice of pizza
 s - a meat ration
 x - a beef jerky
 C - 4 chunks of flesh


   Skills:
 - Level 3.2 Fighting
 + Level 7.7 Maces & Flails
 - Level 3.2 Armour
 - Level 3.2 Shields


You had 6 spell levels left.
You didn't know any spells.

Dungeon Overview and Level Annotations

Branches:
Dungeon (5/15)             Temple (0/1) D:5

Altars:
Ashenzari
Elyvilon
Trog
Uskayaw

Shops:
D:4 =


Innate Abilities, Weirdness & Mutations

You are resistant to torment.
Your stone body is resilient. (AC +4)
You are immune to poison.
You resist negative energy. (rN+)
You are resistant to electric shocks. (rElec)
You can survive without breathing.
You are immune to petrification.
You are immune to rotting.


Message History

You feel yourself moving faster!
You feel mighty!
You are feeling very hungry.
You block the crimson imp's attack.
You sock the crimson imp!
You kill the crimson imp!
Trog accepts your kill.
The orc warrior hits you with a war axe!
You sock the orc warrior!
The orc warrior is heavily wounded.
The orc warrior hits you with a war axe.
* * * LOW HITPOINT WARNING * * *
You closely miss the orc warrior.
The orc warrior is heavily wounded.
You closely miss the orc warrior.
The orc warrior is heavily wounded.
The orc warrior barely misses you.
You hit the orc warrior.
The orc warrior is severely wounded.
The orc warrior hits you with a war axe!
You die... # # . . ## ##### #.# #.#...## ....# #.# .#...#. ###.# #.### >.#.. >...# #... .... ###.# #..# #sZ

# #.# #..# #o#
###.###..#######@#
##...##.......##.#
...#........)....#
##...##...###.####
##.####.## #.# #.
#.# #.# #. #.# #.#
#. #.# #.# #. #.#
#.#


You could see an orc warrior, a scorpion and a worker ant zombie.

Vanquished Creatures
  A centaur (D:4)
  2 scorpions
  A crimson imp (D:5)
  A hound (D:4)
  2 orc wizards (D:3)
  2 iguanas (D:4)
  4 gnolls (D:3)
  4 adders
  An ooze (D:1)
  An adder skeleton (D:3)
  2 dart slugs
  2 leopard geckos
  7 orcs
  3 ball pythons
  3 giant cockroaches (D:1)
  9 goblins
  13 hobgoblins
  5 jackals
  6 quokkas
  11 bats
  6 frilled lizards
  3 kobolds
  6 rats
95 creatures vanquished.

Notes
Turn   | Place    | Note
-------+----------+-------------------------------------------
     0 | D:1      | varam the Gargoyle Fighter began the quest for the Orb.
     0 | D:1      | Reached XP level 1. HP: 14/14 MP: 1/1
   245 | D:1      | Reached XP level 2. HP: 16/19 MP: 2/2
   432 | D:1      | Reached skill level 3 in Maces & Flails
   653 | D:1      | Reached XP level 3. HP: 22/23 MP: 3/3
  1134 | D:2      | Reached skill level 4 in Maces & Flails
  1174 | D:2      | Reached XP level 4. HP: 28/28 MP: 4/4
  1801 | D:3      | Reached skill level 5 in Maces & Flails
  1810 | D:3      | Reached XP level 5. HP: 23/32 MP: 5/5
  2117 | D:3      | Found a shattered altar of Ashenzari.
  2125 | D:3      | Found a hide-covered altar of Uskayaw.
  2125 | D:3      | Found a white marble altar of Elyvilon.
  2127 | D:3      | Found a bloodstained altar of Trog.
  2145 | D:3      | Became a worshipper of Trog the Wrathful
  2502 | D:3      | Reached skill level 6 in Maces & Flails
  2510 | D:3      | Reached XP level 6. HP: 37/37 MP: 6/6
  3185 | D:4      | Reached skill level 7 in Maces & Flails
  3422 | D:4      | Found Yxitieq's Jewellery Boutique.
  3496 | D:4      | Reached XP level 7. HP: 36/41 MP: 7/7
  3573 | D:4      | Reached * piety under Trog
  3829 | D:5      | Entered Level 5 of the Dungeon
  3844 | D:5      | Found a staircase to the Ecumenical Temple.
  3946 | D:5      | Slain by an orc warrior

Skill      XL: |  1  2  3  4  5  6 |
---------------+-------------------+-----
Maces & Flails | 3 4 5 6 7 |  7.7
Fighting       | |  3.2
Armour         | |  3.2
Shields        | |  3.2

Action                   |  1- 3 |  4- 6 |  7- 9 || total
-------------------------+-------+-------+-------++-------
Melee: Flail             |   157 |   161 |    44 ||   362
       Spear             |       |     7 |       ||     7
Invok: Berserk           |       |       |     1 ||     1
  Eat: Chunk             |     1 |     8 |     1 ||    10
Armor: Scale mail        |   117 |    90 |    18 ||   225
Dodge: Dodged            |    70 |    47 |    13 ||   130
Block: Shield            |   100 |    81 |    23 ||   204
